 Dungeon Crawl Stone Soup version 0.28-a0-206-gc2c9e32840 (webtiles) character file.

Game seed: 14883051128442785116

4 spiderkeys the Caller (level 1, 0/14 HPs)
             Began as a Ghoul Summoner on Aug 20, 2021.
             Slain by a jackal (2 damage)
             ... on level 1 of the Dungeon.
             The game lasted 00:01:06 (103 turns).

spiderkeys the Caller (Ghoul Summoner)               Turns: 103, Time: 00:01:07

Health: 0/14       AC:  2    Str: 11    XL:     1   Next: 60%
Magic:  0/2        EV: 12    Int: 10    God:
Gold:   10         SH:  0    Dex:  9    Spells: 2/3 levels left

rFire   . . .      SeeInvis .   (no weapon)
rCold   + . .      Faith    .   (no shield)
rNeg    + + +      Spirit   .   a - +0 robe
rPois   ∞          Reflect  .   (no helmet)
rElec   .          Harm     .   (no cloak)
rCorr   .          Rampage  .   (no gloves)
Will    .....                   (no boots)
Stlth   ++........              (no amulet)
HPRegen 0.00/turn               (no ring)
MPRegen 0.08/turn               (no ring)

@: inhibited regen
A: claws 1, cold resistance 1, negative energy resistance 3, inhibited
regeneration, torment resistance 2
a: no special abilities


You were on level 1 of the Dungeon.
You visited 1 branch of the dungeon, and saw 1 of its levels.

You collected 10 gold pieces.


Innate Abilities, Weirdness & Mutations

You thrive by killing the living.
You are immune to poison.
You have sharp fingernails.
Your flesh is cold resistant. (rC+)
You are immune to negative energy. (rN+++)
You do not regenerate when monsters are visible.
You are immune to unholy pain and torment.


   Skills:
 + Level 1.8 Dodging
 - Level 2.1 Stealth
 + Level 0.3 Unarmed Combat
 + Level 1.8 Spellcasting
 + Level 3.6 Summonings


You had 2 spell levels left.
You knew the following spells:

 Your Spells              Type           Power      Damage    Failure   Level
z - Summon Small Mammal   Summ           32%        N/A       7%          1

Your spell library contained the following spells:

 Spells                   Type           Power      Damage    Failure   Level
 Call Imp                 Summ           8%         N/A       11%         2
 Call Canine Familiar     Summ           8%         N/A       22%         3
 Summon Guardian Golem    Hex/Summ       4%         N/A       41%         3
 Summon Lightning Spire   Summ/Air       4%         N/A       83%         4

Inventory:

Armour
 a - a +0 robe (worn)

Dungeon Overview and Level Annotations

Branches:
Dungeon (1/15)

Altars:

. ..J.##.# ...
#..##.# #
.....#.)##.##.#
.......J.J....#
(....#.###r##.# .
.#.........# ..
##..#.###h## #..
..[... #.h# ..
###########@#.#
.#.#.#.#.#.#.#.#.r.#
#...............####
......#..........#
#.......#.......##
.....#....#......#
#...........#...##
....#.#.#.#...#..#
#...............##


You could see an endoplasm, 2 jackals and 2 friendly rats.


Message History

You add the spells Summon Small Mammal, Call Imp, Call Canine Familiar, Summon Guardian Golem and Summon Lightning Spire to your library. 🤖 Initializing magus.rc ...
Options error: Delay interrupt name "hungry" not recognised. (~/.crawlrc:4988) ✅ Successfully initialized magus.rc [v1.9.10] Welcome, spiderkeys the Ghoul Summoner.
Will you prevail where others failed? Will you find the Orb of Zot?
Press ? for a list of commands and other information.
Found 10 gold pieces and a mace.
Found a staircase leading out of the dungeon.
Okay, then.
Casting: Summon Small Mammal (safe; 8% risk of failure)
Confirm with . or Enter, or press ? or * to list all spells.
Okay, then.
You now have 10 gold pieces.
You open the door.
There is an open door here.
A ball python comes into view.
The ball python hisses angrily.
You closely miss the ball python. The ball python misses you.
The ball python completely misses you.
You scratch the ball python.
You kill the ball python!
No target in view!
No target in view!
You see here a ball python corpse.
A goblin comes into view. It is wielding a +0 dagger.
A goblin comes into view. It is wielding a +0 club.
The goblin shouts! x2; You hear a bark!
You closely miss the goblin. The goblin closely misses you.
You scratch the goblin.
You kill the goblin!
No target in view!
No target in view!
A goblin is nearby!
The goblin barely misses you.
You scratch the goblin but do no damage.
A jackal comes into view.
The goblin hits you with a +0 dagger. 😕 HP[-3]
You take 3 damage, and now have 11/14 hp.
MASSIVE DAMAGE!! (PAUSE)
You barely miss the goblin. The goblin hits you but does no damage.
You scratch the goblin. The goblin closely misses you.
You scratch the goblin.
You kill the goblin!
An endoplasm comes into view.
A jackal comes into view.
The jackal bites you.
You see here a +0 club. 😮 HP[-3]
You take 3 damage, and now have 8/14 hp.
MASSIVE DAMAGE!! (PAUSE)
You closely miss the jackal. The jackal closely misses you.
The jackal barks!
You scratch the jackal but do no damage.
You hear an angry hiss.
The jackal bites you.
* * * LOW HITPOINT WARNING * * *
The jackal bites you but does no damage. 😨 HP[-2]
You take 2 damage, and now have 6/14 hp.
You miss the jackal. The jackal bites you.
* * * LOW HITPOINT WARNING * * *
😨 HP[-2]
You take 2 damage, and now have 4/14 hp.
You scratch the jackal. The jackal bites you.
* * * LOW HITPOINT WARNING * * *
The jackal closely misses you.
The jackal bites you but does no damage. 😱 HP[-2]
You take 2 damage, and now have 2/14 hp.
Unknown command.
Things that are here:
a +0 dagger; a goblin corpse You are too injured to fight recklessly!
Casting: Summon Small Mammal (safe; 7% risk of failure)
Confirm with . or Enter, or press ? or * to list all spells.
😱 MP[-1]
You lost 1 mp, and now have 1/2 mp.
Your rat bites the jackal.
The jackal closely misses you.
Your rat closely misses the jackal.
The jackal bites your rat.
Your rat barely misses the jackal.
You scratch the jackal but do no damage.
The jackal bites you but does no damage.
The endoplasm hits your rat.
Your rat barely misses the jackal.
The endoplasm barely misses your rat.
Your rat closely misses the jackal.
Casting: Summon Small Mammal (safe; 7% risk of failure)
Confirm with . or Enter, or press ? or * to list all spells.
The jackal bites you.
You die...

Action                   || total
-------------------------++-------
Melee: Unarmed           ||    13
 Cast: Summon Small Mamm ||     2
Armor: Robe              ||     4
Dodge: Dodged            ||     8

Levels and vault maps discovered:
D:1:      co_arrival_square_in_a_square_in_a_square, layout_basic, serial_shops,
          shop, ebering_ecumenical_altar_box, serial_park_tiny_pond

Notes
Turn   | Place    | Note
-------+----------+-------------------------------------------
     0 | D:1      | spiderkeys the Ghoul Summoner began the quest for the Orb.
     0 | D:1      | Reached XP level 1. HP: 14/14 MP: 2/2
     0 | D:1      | magus.rc [v1.9.10]
    93 | D:1      | HP: 2/14 [jackal (2)]
   103 | D:1      | Slain by a jackal

Vanquished Creatures
  A ball python (D:1)
  2 goblins (D:1)
3 creatures vanquished.

Table legend:
 A = Non-vault XP
 B = Vault XP
 C = Vault XP percentage of total XP
 D = Non-vault monster count
 E = Vault monster count
 F = Vault count percentage of total count
                 A         B        C        D         E       F
            +---------+---------+-------+---------+---------+-------
      Total |       6 |       0 |   0.0 |       3 |       0 |   0.0
            +---------+---------+-------+---------+---------+-------
        D:1 |       6 |       0 |   0.0 |       3 |       0 |   0.0
            +---------+---------+-------+---------+---------+-------

Illustrated notes

Table legend:
 A = Kills in this place as a percentage of kills in entire the game.
 B = Kills by you in this place as a percentage of kills by you in the entire game.
 C = Kills by friends in this place as a percentage of kills by friends in the entire game.
 D = Other kills in this place as a percentage of other kills in the entire game.
 E = Experience gained in this place as a percentage of experience gained in the entire game.
 F = Experience gained in this place divided by the number of levels of this place that you have seen.
                   A       B       C       D       E      F
               +-------+-------+-------+-------+-------+----------------------
         Total | 100.0 | 100.0 |   N/A |   N/A | 100.0 |   6.0
       Dungeon | 100.0 | 100.0 |   N/A |   N/A | 100.0 |   6.0
               +-------+-------+-------+-------+-------+----------------------

Table legend: (Time is in decaauts)
 A = Elapsed time spent in this place.
 B = Non-inter-level travel time spent in this place.
 C = Inter-level travel time spent in this place.
 D = Time resting spent in this place.
 E = Time spent auto-exploring this place.
 F = Levels seen in this place.
 G = Mean time per level.
                   A        B        C        D        E       F      G
               +--------+--------+--------+--------+--------+-----+--------+
         Total |    103 |    103 |      0 |      0 |     73 |   1 |  103.0 |
       Dungeon |    103 |    103 |      0 |      0 |     73 |   1 |  103.0 |
               +--------+--------+--------+--------+--------+-----+--------+

Top non-repeatable levels by time:
     D:1: 103 daAuts
